 Dungeon Crawl Stone Soup version 0.30.0-29-ga12c61a403 (webtiles) character file.

Game seed: 13195562250024410262

14350 ChadusMaximus the Summoner (level 12, -1/92 HPs)
             Began as a Barachi Summoner on June 24, 2023.
             Was a Follower of Hepliaklqana.
             Killed from afar by a hell knight (15 damage)
             ... with a bolt of fire
             ... in a volcano.
             The game lasted 00:22:06 (13047 turns).

ChadusMaximus the Summoner (Barachi Summoner)      Turns: 13047, Time: 00:22:06

Health: -1/92      AC:  7    Str:  9    XL:     12   Next: 15%
Magic:  18/33      EV: 13    Int: 27    God:    Hepliaklqana [*.....]
Gold:   780        SH:  0    Dex: 13    Spells: 14/27 levels left

rFire   + . .        T - +3 halberd
rCold   . . .        (shield currently unavailable)
rNeg    . . .        q - +1 ring mail {rF+}
rPois   .            (no helmet)
rElec   .            (no cloak)
rCorr   .            x - +0 pair of gloves
SInv    .            (no boots)
Will    .....        (no amulet)
Stlth   +            l - +6 ring of intelligence
HPRegen 0.35/turn    z - ring of magical power
MPRegen 0.23/turn

%: no passive effects
@: unable to hop, slow
A: reduced essence, amphibious, slowness 1, strong legs 1, +LOS
a: Hop, Renounce Religion, Recall Ancestor, Ancestor Identity


You were in a volcano.
You worshipped Hepliaklqana.
Hepliaklqana was aware of your devotion.
You visited 3 branches of the dungeon, and saw 12 of its levels.
You also visited: Sewer and Volcano.

You collected 780 gold pieces.

Inventory:

Hand Weapons
 f - a +0 sling
 D - a +1 vampiric halberd
 G - a +0 spear
 T - a +3 halberd (weapon)
 U - a +2 bardiche of flaming
 V - a +0 glaive of flaming
Missiles
 k - a throwing net
Armour
 a - a +0 robe
 q - a +1 ring mail of fire resistance (worn)
 x - a +0 pair of gloves (worn)
 H - a +0 kite shield
 I - +0 steam dragon scales
Jewellery
 d - a ring of magical power
 l - a +6 ring of intelligence (left hand)
 s - a ring of see invisible
 z - a ring of magical power (right hand)
 A - a +6 ring of dexterity
 C - an amulet of regeneration
 Q - a ring of protection from cold
 S - an amulet of guardian spirit
Wands
 m - a wand of roots (17)
 u - a wand of mindburst (2)
 K - a wand of quicksilver (14)
 L - a wand of charming (5)
 O - a wand of flame (5)
 P - a wand of digging (6)
Scrolls
 c - a scroll of vulnerability
 e - a scroll of enchant armour
 h - 3 scrolls of butterflies
 i - 3 scrolls of enchant weapon
 o - 8 scrolls of teleportation
 p - 3 scrolls of silence
 v - 3 scrolls of fear
 w - 2 scrolls of poison {unknown}
 y - a scroll of fog {unknown}
 J - a scroll of immolation {unknown}
Potions
 b - a potion of magic
 g - 4 potions of berserk rage
 j - 3 potions of degeneration {unknown}
 n - 6 potions of curing
 r - 2 potions of might {unknown}
 t - 2 potions of attraction {unknown}
 B - 2 potions of haste {unknown}
 E - 2 potions of cancellation {unknown}
 F - 3 potions of flight
 M - a potion of mutation
 N - 3 potions of invisibility
 R - 2 potions of lignification {unknown}


   Skills:
 + Level 12.6 Fighting
 + Level 10.0 Dodging
 - Level 2.0 Stealth
 - Level 8.2 Spellcasting
 - Level 13.9 Summonings


You had 14 spell levels left.
You knew the following spells:

 Your Spells              Type           Power      Damage    Failure   Level
a - Summon Small Mammal   Summ           100%       N/A       1%          1
b - Call Canine Familiar  Summ           72%        N/A       1%          3
c - Summon Guardian Gole  Hex/Summ       48%        N/A       2%          3
d - Call Imp              Summ           100%       N/A       1%          2
e - Summon Lightning Spi  Summ/Air       48%        N/A       9%          4

Your spell library contained the following spells:

 Spells                   Type           Power      Damage    Failure   Level
 Apportation              Tloc           22%        N/A       14%         1
 Beastly Appendage        Tmut           22%        N/A       14%         1
 Freeze                   Ice            44%        1d6       14%         1
 Necrotise                Necr           44%        1d6       14%         1
 Sublimation of Blood     Necr           11%        N/A       22%         2
 Wereblood                Tmut           11%        N/A       22%         2
 Dazzling Flash           Conj/Hex       22%        N/A       41%         3
 Frozen Ramparts          Ice            22%        1d4       41%         3
 Hailstorm                Conj/Ice       11%        3d5       41%         3
 Inner Flame              Hex/Fire       11%        N/A       41%         3
 Spider Form              Tmut/Pois      11%        N/A       41%         3
 Flame Wave               Conj/Fire      11%        2d6       82%         4
 Petrify                  Tmut/Erth      11%        N/A       82%         4
 Sticky Flame             Conj/Fire      11%        2d3       82%         4
 Agony                    Necr           11%        N/A       99%         5
 Irradiate                Conj/Tmut      5%         3d13      99%         5
 Silence                  Hex/Air        5%         N/A       99%         5


Dungeon Overview and Level Annotations

Branches:
Dungeon (10/15)            Temple (1/1) D:5            Lair (1/5) D:8
  Sewer (visited)         Volcano (1/1)
    Orc: D:9-12

Altars:
Ashenzari
Cheibriados
Dithmenos
Elyvilon
Fedhas
Gozag
Hepliaklqana
Kikubaaqudgha
Makhleb
Nemelex Xobeh
Okawaru
Qazlal
Ru
Sif Muna
Trog
Uskayaw
Vehumet
Wu Jian
Xom
Yredelemnul
Zin
The Shining One

Shops:
D:6 *?**[!   D:7 *

Annotations:
D:4 2 transporters, lasso's ghost, amateur DECj
D:10 2 runed translucent doors


Innate Abilities, Weirdness & Mutations

Your life essence is reduced to manifest your ancestor. (-10% HP)
You are amphibious.
You cover ground slowly.
You can hop short distances.
You have an extended range of vision and can be seen from far away.


Message History

Boing!
Casting: Call Imp (safe; 1% risk of failure)
Confirm with . or Enter, or press ? or * to list all spells.
A tiny devil pulls itself out of the air.
Casting: Call Imp (safe; 1% risk of failure)
Confirm with . or Enter, or press ? or * to list all spells.
An electric hum fills the air.
Your cerulean imp barely misses the hell knight.
Casting: Summon Lightning Spire (dangerous; 9% risk of failure)
Confirm with . or Enter, or press ? or * to list all spells.
The hell knight hits you with a +1 scimitar of flaming!!
The hell knight burns you.
Your cerulean imp hits the hell knight from afar with a +1 spear.
Unknown command.
The hell knight attacks as you move away!
The hell knight hits you with a +1 scimitar of flaming!!
* * * LOW HITPOINT WARNING * * *
The hell knight burns you.
* * * LOW HITPOINT WARNING * * *
The hell knight calls down the wrath of its god upon you.
The bolt of fire hits you! You resist.
* * * LOW HITPOINT WARNING * * *
Your cerulean imp hits the hell knight but does no damage.
Okay, then.
As you read the scroll of fear, it crumbles to dust.
You assume a fearsome visage.
The hell knight looks frightened!
The hell knight pleads, "Please don't kill me!"
The hell knight utters an invocation to its god.
The hell knight blinks!
Your lightning spire shoots out a bolt of lightning at the hell knight!
The bolt of electricity hits your cerulean imp.
Your cerulean imp resists.
The bolt of electricity hits the hell knight!
Your lightning spire's attack snaps the hell knight out of its fear.
The hell knight invokes the aid of its god against you.
The bolt of fire hits your warg!!
Your warg dies!
Your warg's corpse disappears in a puff of smoke!
The bolt of fire hits you! You resist.
You die...

####.# # ##.## #
#.####### #### #
#...##..###..###
#.............#.
##...≈≈≈≈§§≈....#
##...≈≈§≈≈≈≈≈§≈§..
##.§§≈≈≈≈≈≈≈≈≈≈§≈..
#.@.≈≈≈≈≈≈§≈≈§§§§..
##.§§§§§≈≈≈§≈≈§§§≈..
###....§≈≈≈§§§≈≈≈§....
#...8..5.≈≈§§≈≈≈≈....)
#.§######...p§.........#
#§≈ ##########.##### #§
##§# #.# ##$..#


You could see a hell knight (fast, ally target), a friendly lightning spire
(summoned) and a friendly cerulean imp (summoned).

Vanquished Creatures
  A wyvern (D:8)
  A yak (D:6)
  A vampire mosquito (D:10)
  A black bear (D:8)
  An ogre (D:4)
  A howler monkey (D:10)
  A sleepcap (D:7)
  Ijyb (D:3)
  An iguana (D:6)
  An adder (D:4)
  An ufetubus (D:4)
  3 dart slugs
  An orc (D:8)
  10 bats
  2 endoplasms
  3 giant cockroaches (D:1)
  4 hobgoblins
  4 kobolds
  2 quokkas
  5 ball pythons
  2 frilled lizards (D:1)
  5 goblins
  5 rats (D:1)
57 creatures vanquished.

Vanquished Creatures (collateral kills)
  Snorg (D:10)
  A salamander mystic (Volcano)
  An oklob plant (D:8)
  3 salamanders (Volcano)
  A black mamba (Lair:1)
  Maggie (D:7)
  The ghost of topfpfpflanze the Caller, a novice OpSu of Cheibriados (D:6)
  A rime drake (Lair:1)
  2 trolls
  2 hornets
  Sigmund (D:6)
  A shadow (D:7)
  A wyvern (D:7)
  A wraith (D:10)
  14 yaks
  2 steam dragons
  A vampire mosquito (D:10)
  4 water moccasins
  A nameless horror (D:10)
  Pargi (Sewer)
  2 orc warriors (D:9)
  An ice beast (D:5)
  2 sky beasts
  2 black bears
  2 wolves (D:8)
  4 centaurs
  3 ogres
  2 phantoms
  2 kobold brigands
  A gnoll sergeant (D:6)
  4 bullfrogs
  3 scorpions
  An oklob sapling (D:8)
  9 killer bees (D:9)
  An electric eel (D:6)
  5 howler monkeys
  9 hounds
  A jelly (D:6)
  7 orc priests
  4 iguanas
  8 orc wizards
  18 gnolls
  13 adders
  2 shadow imps
  2 ufetubi
  3 worms
  A dart slug (D:1)
  29 orcs
  5 ball pythons
  A bat (D:3)
  2 endoplasms (D:4)
  8 goblins
  4 hobgoblins
  2 quokkas
  11 frilled lizards
  13 kobolds
  4 rats
232 creatures vanquished.

Vanquished Creatures (others)
  A catoblepas (Lair:1)
  A boulder beetle (Lair:1)
  A hornet (D:8)
  A bullfrog (Lair:1)
  A jelly (D:5)
  3 ancestors (Volcano)
  2 orcs (D:5)
  A kobold (D:5)
11 creatures vanquished.

Grand Total: 300 creatures vanquished

Notes
Turn   | Place    | Note
-------+----------+-------------------------------------------
     0 | D:1      | ChadusMaximus the Barachi Summoner began the quest for the
                  | Orb.
     0 | D:1      | Reached XP level 1. HP: 13/13 MP: 3/3
   354 | D:1      | Reached XP level 2. HP: 3/19 MP: 1/5
   372 | D:1      | Reached skill level 5 in Summonings
   792 | D:1      | Reached XP level 3. HP: 21/24 MP: 6/6
  1536 | D:1      | Learned a level 3 spell: Call Canine Familiar
  1540 | D:1      | Learned a level 3 spell: Summon Guardian Golem
  1656 | D:2      | Reached XP level 4. HP: 14/30 MP: 4/8
  1741 | D:2      | Reached skill level 6 in Summonings
  2518 | D:3      | Found a faded altar of an unknown god.
  2681 | D:3      | Reached XP level 5. HP: 19/35 MP: 6/10
  2970 | D:3      | Learned a level 2 spell: Call Imp
  2972 | D:3      | Noticed Ijyb
  2988 | D:3      | Killed Ijyb
  3077 | D:3      | Reached skill level 7 in Summonings
  3385 | D:4      | Reached XP level 6. HP: 41/41 MP: 1/11
  3420 | D:4      | Found a glowing drain.
  3437 | Sewer    | Entered a sewer
  3473 | Sewer    | Noticed Pargi
  3486 | Sewer    | Killed Pargi
  3487 | Sewer    | Reached skill level 8 in Summonings
  3708 | D:4      | Reached XP level 7. HP: 43/46 MP: 13/13
  3919 | D:4      | Found a transporter.
  3929 | D:4      | Found a transporter.
  3930 | D:4      | Noticed lasso's ghost (amateur DECj)
  4029 | D:4      | Reached skill level 5 in Spellcasting
  4029 | D:4      | Reached skill level 9 in Summonings
  4078 | D:4      | Found a stormy altar of Qazlal.
  4083 | D:4      | Found a hide-covered altar of Uskayaw.
  4427 | D:5      | Entered Level 5 of the Dungeon
  4786 | D:5      | Reached XP level 8. HP: 9/52 MP: 4/16
  4800 | D:5      | Reached skill level 10 in Summonings
  4966 | D:5      | Found a staircase to the Ecumenical Temple.
  4972 | D:5      | Learned a level 4 spell: Summon Lightning Spire
  5188 | D:5      | Found a sacrificial altar of Ru.
  5719 | Temple   | Entered the Ecumenical Temple
  5895 | D:6      | Reached skill level 11 in Summonings
  6063 | D:6      | Reached XP level 9. HP: 10/57 MP: 9/19
  6068 | D:6      | HP: 1/57 [something (7)]
  6284 | D:6      | Noticed Sigmund
  6290 | D:6      | Noticed topfpfpflanze's ghost (novice OpSu)
  6308 | D:6      | Found a runed translucent door.
  6317 | D:6      | Killed Sigmund
  6318 | D:6      | Reached skill level 12 in Summonings
  6562 | D:6      | Found Roanog's General Store.
  6571 | D:6      | Found Rothriosh's Magic Scroll Emporium.
  6573 | D:6      | Found Wierun's General Store.
  6831 | D:6      | Found Horph's Distillery.
  6831 | D:6      | Found Ottobb's Antique Armour Shop.
  6831 | D:6      | Found Eskoc's General Store.
  6855 | D:6      | Reached skill level 13 in Summonings
  7270 | D:6      | Killed topfpfpflanze's ghost
  7365 | D:7      | Reached XP level 10. HP: 63/63 MP: 22/22
  7847 | D:7      | Noticed Maggie
  7856 | D:7      | Killed Maggie
  7857 | D:7      | Reached skill level 5 in Fighting
  7935 | D:7      | Found Votyt's CLEARANCE SALE!.
  8054 | D:7      | Found a shimmering blue altar of Sif Muna.
  8198 | D:8      | Found a sparkling altar of Nemelex Xobeh.
  8618 | D:8      | Reached skill level 5 in Dodging
  8766 | D:8      | Found a staircase to the Lair.
  9634 | D:8      | Noticed an oklob plant
  9656 | D:8      | Killed an oklob plant
  9657 | D:8      | Reached XP level 11. HP: 30/89 MP: 19/23
 10196 | D:9      | Found a bloodstained altar of Trog.
 10197 | D:9      | Found an iron altar of Okawaru.
 10330 | D:9      | Found a shadowy altar of Dithmenos.
 10333 | D:9      | Found a burning altar of Makhleb.
 10335 | D:9      | Found a hazy altar of Hepliaklqana.
 10336 | D:9      | Found an ornate altar of the Wu Jian Council.
 10342 | D:9      | Became a worshipper of Hepliaklqana the Forgotten
 10771 | D:9      | Reached skill level 10 in Fighting
 11208 | D:10     | Entered Level 10 of the Dungeon
 11209 | D:10     | Found a large runed translucent door.
 11209 | D:10     | Found a large runed translucent door.
 11433 | D:10     | Noticed Snorg
 11440 | D:10     | Killed Snorg
 11784 | D:10     | Found a radiant altar of Vehumet.
 11785 | D:10     | Found a shimmering altar of Xom.
 11850 | D:10     | Found a blossoming altar of Fedhas.
 12231 | Lair:1   | Entered Level 1 of the Lair of Beasts
 12231 | Lair:1   | Noticed a catoblepas
 12248 | Lair:1   | Killed a catoblepas
 12291 | Lair:1   | Reached * piety under Hepliaklqana
 12420 | Lair:1   | Noticed a boulder beetle
 12452 | Lair:1   | Killed a boulder beetle
 12516 | Lair:1   | Found a dark tunnel.
 12524 | Volcano  | Entered a volcano
 12615 | Volcano  | Noticed a salamander
 12626 | Volcano  | Killed a salamander
 12627 | Volcano  | Reached XP level 12. HP: 91/91 MP: 24/24
 12721 | Volcano  | HP: 3/92 [salamander mystic/+0 quarterstaff (12)]
 12723 | Volcano  | Reached skill level 10 in Dodging
 13025 | Volcano  | Noticed a hell knight
 13047 | Volcano  | Killed from afar by a hell knight

Illustrated notes

Levels and vault maps discovered:
D:1:      nicolae_arrival_somewhat_less_tricky_arrival, layout_basic,
          serial_co_window_serial, co_window_corner_a, co_window_paths_a,
          co_window_of_opportunity_a, co_window_paths_a, co_window_paths_a,
          co_window_paths_a, co_window_corner_a, co_window_paths_a,
          co_window_paths_a, co_window_corner_ca, co_window_of_opportunity_b,
          co_window_2corner, co_window_corner_b, co_window_corner_cb,
          co_window_paths_e, glass_columns_c, glass_columns_a, glass_columns_a,
          glass_columns_b, glass_columns_c
D:2:      layout_basic, minmay_octomino_j4
D:3:      layout_basic, basic_ecumenical_altar, minivault_11,
          kennysheep_another_room, nrook_uturn, uniq_ijyb
D:4:      layout_cave_pools, minitemple, gammafunk_ghost_abyssal_escape,
          cheibrodos_sewer_entry_sluice, chequers_serial_rivers_large_a,
          hangedman_feature_mirror, nicolae_figureground_pulse
D:5:      layout_loops_cross, mainiacjoe_overflow_tiny_flanked,
          minmay_temple_entry_tees
D:6:      layout_cave_pools, hellmonk_ghost_happy_afterlife,
          nicolae_wooded_promenade, minmay_lizard_king, uniq_sigmund
D:7:      layout_basic, kennysheep_mini_moat, nicolae_shop_clearance,
          uniq_maggie, uniq_crazy_yiuf_cottage
D:8:      layout_basic, amcnicky_altar_gilded, erik_lair_island, serial_rivers,
          chequers_serial_rivers_small_3, chequers_serial_rivers_marsh,
          chequers_serial_rivers_micro_c, chequers_serial_rivers_micro_d,
          chequers_serial_rivers_room_a, introduction_to_nature_2
D:9:      layout_irregular_city, mainiacjoe_overflow_alcove_3,
          grunt_temple_overflow_bloody_war
D:10:     layout_roguey, nicolae_overflow_two_pavilions, fedhas_altar_3,
          lightli_elemental_guards, uniq_snorg
Temple:   nicolae_temple_godpark
Lair:1:   layout_cave_pods, nicolae_volcano_entry_hallway
Volcano:  volcano_pools

Skill      XL: |  1  2  3  4  5  6  7  8  9 10 11 12 |
---------------+-------------------------------------+-----
Stealth        | 2 |  2.0
Summonings     | 5 6 7 8 9 11 13 | 13.9
Spellcasting   | 3 4 5 6 8 |  8.2
Fighting       | 9 12 | 12.6
Dodging        | 6 9 10 | 10.0

Action                     |  1- 3 |  4- 6 |  7- 9 | 10-12 || total
---------------------------+-------+-------+-------+-------++-------
  Melee: Short sword       |    11 |       |       |       ||    11
         Unarmed           |     2 |       |       |       ||     2
         Halberd           |     8 |       |       |   119 ||   127
   Fire: Sling             |    75 |   104 |    85 |     2 ||   266
   Cast: Summon Small Mamm |    18 |    13 |     7 |     9 ||    47
         Call Canine Famil |     2 |    11 |    21 |    36 ||    70
         Call Imp          |       |     5 |    12 |    16 ||    33
         Summon Guardian G |       |     2 |     5 |     9 ||    16
         Summon Lightning  |       |       |    11 |    33 ||    44
Ability: Hop               |     4 |       |     2 |     9 ||    15
    Use: Scroll            |       |       |     5 |     6 ||    11
         Potion            |       |       |       |     6 ||     6
   Stab: Sleeping          |     2 |       |       |       ||     2
         Distracted        |       |       |       |     1 ||     1
 Armour: Robe              |    20 |    19 |     7 |     5 ||    51
         Steam dragon scal |       |       |       |    53 ||    53
  Dodge: Dodged            |    69 |    57 |    43 |   203 ||   372
